 Dungeon Crawl Stone Soup version 0.28.0-43-g3370ac3207 (webtiles) character file.

Game seed: 14863599489589868290

110 Ablot the Grasshopper (level 4, -15/38 HPs)
             Began as a Gnoll Warper on Mar 12, 2022.
             Demolished by a gnoll
             ... wielding a +2 whip of electrocution
              (19 damage)
             ... on level 3 of the Dungeon.
             The game lasted 00:02:31 (2204 turns).

Ablot the Grasshopper (Gnoll Warper)                Turns: 2204, Time: 00:02:32

Health: -15/38     AC: 10    Str: 12    XL:     4   Next: 91%
Magic:  11/11      EV: 12    Int: 13    God:
Gold:   35         SH:  0    Dex: 11    Spells: 11/13 levels left

rFire   . . .      SeeInvis .   a - +0 spear
rCold   + . .      Faith    .   (no shield)
rNeg    . . .      Spirit   .   b - +1 leather armour {rC+}
rPois   .          Reflect  .   n - +2 helmet
rElec   .          Harm     .   (no cloak)
rCorr   .          Rampage  .   i - +2 pair of gloves
Will    .....                   (no boots)
Stlth   +.........              (no amulet)
HPRegen 0.12/turn               (no ring)
MPRegen 0.12/turn               (no ring)

@: no status effects
A: fangs 1, strong nose, distributed training
a: no special abilities


You were on level 3 of the Dungeon.
You visited 1 branch of the dungeon, and saw 3 of its levels.

You collected 35 gold pieces.

Inventory:

Hand Weapons
 a - a +0 spear (weapon)
Missiles
 d - 10 boomerangs of dispersal (quivered)
 e - 39 bolts
 j - 16 sling bullets
 l - 58 stones
Armour
 b - a +1 leather armour of cold resistance (worn)
 i - a +2 pair of gloves (worn)
 n - a +2 helmet (worn)
Scrolls
 c - a scroll of blinking
 g - a scroll of enchant armour {unknown}
 k - a scroll of immolation {unknown}
 m - 2 scrolls of identify {unknown}
 o - a scroll of fear {unknown}
 p - a scroll of noise {unknown}
Potions
 f - a potion of berserk rage {unknown}
 h - a potion of lignification {unknown}
 q - a potion of might {unknown}


   Skills:
 + Level 4.7 Fighting
 + Level 1.2 Short Blades
 + Level 1.2 Long Blades
 + Level 1.2 Axes
 + Level 1.2 Maces & Flails
 + Level 4.7 Polearms
 + Level 1.2 Staves
 + Level 1.2 Slings
 + Level 1.2 Bows
 + Level 1.2 Crossbows
 + Level 2.8 Throwing
 + Level 2.8 Armour
 + Level 4.7 Dodging
 + Level 1.2 Stealth
 + Level 1.2 Shields
 + Level 1.2 Unarmed Combat
 + Level 5.1 Spellcasting
 + Level 1.0 Conjurations
 + Level 1.0 Hexes
 + Level 1.0 Summonings
 + Level 1.0 Necromancy
 + Level 5.5 Translocations
 + Level 1.0 Transmutations
 + Level 1.0 Fire Magic
 + Level 1.0 Ice Magic
 + Level 1.0 Air Magic
 + Level 1.0 Earth Magic
 + Level 1.0 Poison Magic
 + Level 1.4 Invocations
 + Level 1.2 Evocations


You had 11 spell levels left.
You knew the following spells:

 Your Spells              Type           Power      Damage    Failure   Level
a - Blink                 Tloc           34%        N/A       3%          2

Your spell library contained the following spells:

 Spells                   Type           Power      Damage    Failure   Level
 Gell's Gravitas          Tloc           17%        N/A       8%          3
 Lesser Beckoning         Tloc           17%        N/A       8%          3
 Teleport Other           Tloc           17%        N/A       8%          3
 Ensorcelled Hibernation  Hex/Ice        12%        N/A       22%         2
 Passwall                 Tmut/Erth      5%         N/A       22%         2
 Dazzling Flash           Conj/Hex       12%        N/A       41%         3
 Swiftness                Air            6%         N/A       41%         3
 Manifold Assault         Tloc           17%        N/A       56%         5
 Cause Fear               Hex            3%         N/A       83%         4
 Agony                    Necr           6%         N/A       99%         5
 Silence                  Hex/Air        3%         N/A       99%         5
 Dragon Form              Tmut           3%         N/A       100%        7
 Dragon's Call            Summ           3%         N/A       100%        9


Dungeon Overview and Level Annotations

Branches:
Dungeon (3/15)

Altars:


Innate Abilities, Weirdness & Mutations

You have very sharp teeth.
Your uncanny sense of smell can sniff out nearby items.
Your experience applies equally to all skills.


Message History

The gnoll is moderately wounded.
A gnoll comes into view. It is wielding a +0 spear.
The gnoll hits you but does no damage.
The gnoll hits you from afar with a +0 spear.
You closely miss the gnoll.
The gnoll is moderately wounded.
The gnoll completely misses you. The gnoll misses you.
You closely miss the gnoll. You punch the gnoll, but do no damage.
The gnoll is moderately wounded.
The gnoll closely misses you.
You hit the gnoll.
The gnoll is moderately wounded.
The gnoll hits you from afar with a +0 spear.
The gnoll barely misses you.
You closely miss the gnoll.
The gnoll is moderately wounded.
The gnoll closely misses you.
You hit the gnoll.
The gnoll is moderately wounded.
The gnoll hits you with a +2 whip of electrocution.
The gnoll barely misses you. The gnoll closely misses you.
You barely miss the gnoll.
The gnoll is moderately wounded.
The gnoll barely misses you. x2; The gnoll closely misses you.
You hit the gnoll.
The gnoll is severely wounded.
The gnoll barely misses you. The gnoll misses you.
The gnoll hits you but does no damage.
You hit the gnoll.
The gnoll is almost dead.
The gnoll misses you. The gnoll hits you but does no damage.
You barely miss the gnoll.
The gnoll is almost dead.
The gnoll hits you from afar with a +0 halberd!
* * * LOW HITPOINT WARNING * * *
The gnoll hits you with a +2 whip of electrocution.
* * * LOW HITPOINT WARNING * * *
You are electrocuted!!
Ouch! That really hurt!
You die...

........# ∆ ........# #>
......[..### ∆
#.##.........##.
..#............
##+####+##......####.##'
.........#..#..####..#..
.....g.g.............#.8
....gg†@........###..#..
##+####†#......#.>...##+
#..#..##....###....
#..######...######.
#######............
#....#...####### ∆
##########


You could see 4 gnolls.

Vanquished Creatures
  2 orc wizards (D:2)
  3 adders
  A worm (D:2)
  A dart slug (D:1)
  4 orcs (D:2)
  3 endoplasms
  A giant cockroach (D:2)
  2 jackals (D:3)
  2 quokkas
  A ball python (D:1)
  A bat (D:2)
  2 frilled lizards
  3 goblins
  2 kobolds (D:3)
  3 rats
31 creatures vanquished.

Notes
Turn   | Place    | Note
-------+----------+-------------------------------------------
     0 | D:1      | Ablot the Gnoll Warper began the quest for the Orb.
     0 | D:1      | Reached XP level 1. HP: 20/20 MP: 6/6
   532 | D:1      | Reached XP level 2. HP: 26/26 MP: 7/7
   535 | D:1      | Learned a level 2 spell: Blink
  1072 | D:2      | Found a faded altar of an unknown god.
  1391 | D:2      | Reached skill level 5 in Spellcasting
  1391 | D:2      | Reached XP level 3. HP: 25/31 MP: 7/9
  1515 | D:2      | Reached skill level 1 in Short Blades
  1515 | D:2      | Reached skill level 1 in Long Blades
  1515 | D:2      | Reached skill level 1 in Axes
  1515 | D:2      | Reached skill level 1 in Maces & Flails
  1515 | D:2      | Reached skill level 1 in Staves
  1515 | D:2      | Reached skill level 1 in Slings
  1515 | D:2      | Reached skill level 1 in Bows
  1515 | D:2      | Reached skill level 1 in Crossbows
  1515 | D:2      | Reached skill level 1 in Stealth
  1515 | D:2      | Reached skill level 1 in Shields
  1515 | D:2      | Reached skill level 1 in Unarmed Combat
  1515 | D:2      | Reached skill level 1 in Invocations
  1515 | D:2      | Reached skill level 1 in Evocations
  1517 | D:2      | Reached XP level 4. HP: 12/38 MP: 11/11
  1838 | D:2      | Reached skill level 1 in Conjurations
  1838 | D:2      | Reached skill level 1 in Hexes
  1838 | D:2      | Reached skill level 1 in Summonings
  1838 | D:2      | Reached skill level 1 in Necromancy
  1838 | D:2      | Reached skill level 1 in Transmutations
  1838 | D:2      | Reached skill level 1 in Fire Magic
  1838 | D:2      | Reached skill level 1 in Ice Magic
  1838 | D:2      | Reached skill level 1 in Air Magic
  1838 | D:2      | Reached skill level 1 in Earth Magic
  1838 | D:2      | Reached skill level 1 in Poison Magic
  2204 | D:3      | Demolished by a gnoll

Illustrated notes

Levels and vault maps discovered:
D:1:      dpeg_arrival_leaves_temple_mockup, layout_basic
D:2:      layout_rooms, basic_ecumenical_altar
D:3:      minmay_angry_zag, layout_rooms, minmay_misc_feat_room,
          chequers_serial_rivers_large_b, grunt_decor_mini_mirrors,
          minmay_snake_closets, uniq_robin

Skill      XL: |  1  2  3  4 |
---------------+-------------+-----
Spellcasting   | 5 |  5.1
Short Blades   | 1 |  1.2
Long Blades    | 1 |  1.2
Axes           | 1 |  1.2
Maces & Flails | 1 |  1.2
Staves         | 1 |  1.2
Slings         | 1 |  1.2
Bows           | 1 |  1.2
Crossbows      | 1 |  1.2
Stealth        | 1 |  1.2
Shields        | 1 |  1.2
Unarmed Combat | 1 |  1.2
Invocations    | 1 |  1.4
Evocations     | 1 |  1.2
Conjurations   | 1 |  1.0
Hexes          | 1 |  1.0
Summonings     | 1 |  1.0
Necromancy     | 1 |  1.0
Transmutations | 1 |  1.0
Fire Magic     | 1 |  1.0
Ice Magic      | 1 |  1.0
Air Magic      | 1 |  1.0
Earth Magic    | 1 |  1.0
Poison Magic   | 1 |  1.0
Fighting       | |  4.7
Polearms       | |  4.7
Throwing       | |  2.8
Armour         | |  2.8
Dodging        | |  4.7
Translocations | |  5.5

Action                   |  1- 3 |  4- 6 || total
-------------------------+-------+-------++-------
Melee: Spear             |    87 |   107 ||   194
       Bite              |     8 |     8 ||    16
       Punch             |     3 |     1 ||     4
Armor: Leather armour    |    26 |    50 ||    76
Dodge: Dodged            |    57 |    64 ||   121
